SAAA
HIALEAH DODOS @ PAWNEE PARKSNREC
09/03/2042
 
TOP OF THE 1ST
Hialeah Dodos batting - Pitching for Pawnee ParksNRec : RHP Manuel Ruíz
Pitching: RHP Manuel Ruíz
Batting: RHB Sergio San Martín 0-0: Called Strike
0-1: Foul Ball, location: 2F
0-2: Ground out 5-3 (Groundball, 56, EV 101.9 MPH)
Batting: LHB Richard Edwards 0-0: Ball
1-0: Foul Ball, location: 2F
1-1: Ball
2-1: Foul Ball, location: 2F
2-2: Ball
3-2: Foul Ball, location: 2F
3-2: Base on Balls
Batting: RHB Juan Reyes 0-0: Called Strike
0-1: Fielders Choice at 2nd, 6-4 (Groundball, 6M, EV 90.6 MPH)
Batting: LHB Keith Pick 0-0: Ball
1-0: Ball
2-0: Ball
3-0: Base on Balls
Juan Reyes to second
Batting: LHB Gabriel Montoya 0-0: Fly out, F9 (Flyball, 8RS, EV 87.5 MPH)
Top of the 1st over - 0 runs, 0 hits, 0 errors, 2 left on base; Hialeah 0 - Pawnee 0
BOTTOM OF THE 1ST
Pawnee ParksNRec batting - Pitching for Hialeah Dodos : RHP Ed Alexander
Pitching: RHP Ed Alexander
Batting: RHB Hiroshige Ohashi 0-0: Called Strike
0-1: Called Strike
0-2: Ball
1-2: SINGLE (Line Drive, 7LS, EV 110.6 MPH)
Batting: RHB Charles Atkinson 0-0: Ball
1-0: Ball
2-0: Ball
3-0: Base on Balls
Hiroshige Ohashi to second
Batting: LHB Won-shik Yi 0-0: Ball
1-0: Grounds into double play, 4-6-3 (Groundball, 4, EV 91.9 MPH)
Hiroshige Ohashi to third
Batting: RHB Manuel Acosta 0-0: Called Strike
0-1: Called Strike
0-2: Ball
1-2: SINGLE (Flyball, 8LS, EV 87.5 MPH)
Hiroshige Ohashi scores
Batting: RHB Josh Mawdesley 0-0: Ball
1-0: Ball
2-0: Ball
3-0: Called Strike
3-1: Base on Balls
Manuel Acosta to second
Batting: RHB Bartolo Álvarez 0-0: Fly out, F8 (Line Drive, 8LM, EV 109.4 MPH)
Bottom of the 1st over - 1 run, 2 hits, 0 errors, 2 left on base; Hialeah 0 - Pawnee 1
TOP OF THE 2ND
Hialeah Dodos batting - Pitching for Pawnee ParksNRec : RHP Manuel Ruíz
Batting: LHB Ramón Morterero 0-0: Ball
1-0: Called Strike
1-1: Ball
2-1: Foul Ball, location: 2F
2-2: Fly out, F8 (Flyball, 8LD, EV 88.8 MPH)
Batting: RHB Chrysler Rodriguez 0-0: Foul Ball, location: 2F
0-1: Ball
1-1: Ball
2-1: Called Strike
2-2: Strikes out looking
Batting: RHB Eugene Bowman 0-0: Ball
1-0: Swinging Strike
1-1: Ball
2-1: Ball
3-1: Base on Balls
Batting: SHB Xavier Mercier 0-0: Ball
1-0: Ball
2-0: Ball
3-0: SINGLE (Line Drive, 56, EV 100.0 MPH)
Eugene Bowman to second
Batting: RHB Sergio San Martín 0-0: Fly out, F8 (Flyball, 8RM, EV 71.2 MPH)
Top of the 2nd over - 0 runs, 1 hit, 0 errors, 2 left on base; Hialeah 0 - Pawnee 1
BOTTOM OF THE 2ND
Pawnee ParksNRec batting - Pitching for Hialeah Dodos : RHP Ed Alexander
Batting: SHB Jake Pinto 0-0: Ground out 6-3 (Groundball, 6, EV 100.6 MPH)
Batting: RHB Ashton Bailey 0-0: Foul Ball, location: 2F
0-1: Ground out U3 (Groundball, 3, EV 83.1 MPH)
Batting: RHB Henry Kent 0-0: Ball
1-0: Ball
2-0: Called Strike
2-1: Swinging Strike
2-2: Ball
3-2: SINGLE (Line Drive, 5D, EV 103.1 MPH)
Batting: RHB Hiroshige Ohashi 0-0: Swinging Strike
0-1: Ball
1-1: Foul Ball, location: 2F
1-2: Ball
2-2: Ball
3-2: Ground out 4-3 (Groundball, 4, EV 103.8 MPH)
Bottom of the 2nd over - 0 runs, 1 hit, 0 errors, 1 left on base; Hialeah 0 - Pawnee 1
TOP OF THE 3RD
Hialeah Dodos batting - Pitching for Pawnee ParksNRec : RHP Manuel Ruíz
Batting: LHB Richard Edwards 0-0: Called Strike
0-1: Foul Ball, location: 2F
0-2: Foul Ball, location: 2F
0-2: Strikes out swinging
Batting: RHB Juan Reyes 0-0: Called Strike
0-1: SINGLE (Line Drive, 56D, EV 102.5 MPH)
Batting: LHB Keith Pick 0-0: Ball
1-0: Swinging Strike
1-1: Swinging Strike
1-2: Strikes out looking
Batting: LHB Gabriel Montoya 0-0: Ball
1-0: Swinging Strike
1-1: SINGLE (Flyball, 7LM, EV 87.5 MPH)
Juan Reyes to second
Batting: LHB Ramón Morterero 0-0: Called Strike
0-1: Ball
1-1: Foul Ball, location: 2F
1-2: SINGLE (Groundball, 4D, EV 96.9 MPH)
Juan Reyes to third
Gabriel Montoya to second
Runner from 3rd tries for Home, SAFE, throw by RF to home
Batting: RHB Chrysler Rodriguez 0-0: Ball
1-0: Ball
2-0: Swinging Strike
2-1: Foul Ball, location: 2F
2-2: Foul Ball, location: 2F
2-2: Foul Ball, location: 2F
2-2: Ball
3-2: Foul Ball, location: 2F
3-2: SINGLE (Line Drive, 5D, EV 98.8 MPH)
Gabriel Montoya to third
Ramón Morterero to second
Gabriel Montoya scores
Ramón Morterero to third
Batting: RHB Eugene Bowman 0-0: Ball
1-0: Ball
2-0: Called Strike
2-1: SINGLE (Line Drive, 89M, EV 101.2 MPH)
Ramón Morterero scores
Chrysler Rodriguez to second
Runner from 2nd tries for 3rd, SAFE, no throw by RF
Batting: SHB Xavier Mercier 0-0: Called Strike
Pickoff Throw to First - Error! E1
Chrysler Rodriguez scores
Eugene Bowman to second
0-1: Ball
1-1: Called Strike
1-2: Strikes out swinging
Top of the 3rd over - 4 runs, 5 hits, 1 error, 1 left on base; Hialeah 4 - Pawnee 1
BOTTOM OF THE 3RD
Pawnee ParksNRec batting - Pitching for Hialeah Dodos : RHP Ed Alexander
Batting: RHB Charles Atkinson 0-0: Ball
1-0: Called Strike
1-1: Called Strike
1-2: Ball
2-2: Foul Ball, location: 2F
2-2: Strikes out swinging
Batting: LHB Won-shik Yi 0-0: Swinging Strike
0-1: Ball
1-1: Ball
2-1: Ball
3-1: Called Strike
3-2: Foul Ball, location: 2F
3-2: Fly out, F7 (Flyball, 78D, EV 99.4 MPH)
Batting: RHB Manuel Acosta 0-0: Called Strike
0-1: Ball
1-1: Foul Ball, location: 2F
1-2: Foul Ball, location: 2F
1-2: Ball
2-2: Ball
3-2: Foul Ball, location: 2F
3-2: Foul Ball, location: 2F
3-2: Foul Ball, location: 2F
3-2: Base on Balls
Batting: RHB Josh Mawdesley 0-0: Called Strike
0-1: Fly out, F8 (Flyball, 8LM, EV 93.8 MPH)
Bottom of the 3rd over - 0 runs, 0 hits, 0 errors, 1 left on base; Hialeah 4 - Pawnee 1
TOP OF THE 4TH
Hialeah Dodos batting - Pitching for Pawnee ParksNRec : RHP Manuel Ruíz
Batting: RHB Sergio San Martín 0-0: Called Strike
0-1: Ball
1-1: Ground out 3-1 (Groundball, 34, EV 98.8 MPH)
Batting: LHB Richard Edwards 0-0: Foul Ball, location: 2F
0-1: Ground out 3-1 (Groundball, 34D, EV 91.9 MPH)
Batting: RHB Juan Reyes 0-0: Ball
1-0: Ground out 5-3 (Groundball, 56S, EV 91.2 MPH)
Top of the 4th over - 0 runs, 0 hits, 0 errors, 0 left on base; Hialeah 4 - Pawnee 1
BOTTOM OF THE 4TH
Pawnee ParksNRec batting - Pitching for Hialeah Dodos : RHP Ed Alexander
Batting: RHB Bartolo Álvarez 0-0: Ball
1-0: Called Strike
1-1: Called Strike
1-2: Ground out 6-3 (Groundball, 6, EV 88.8 MPH)
Batting: SHB Jake Pinto 0-0: Called Strike
0-1: Ball
1-1: Called Strike
1-2: Ball
2-2: Ball
3-2: Base on Balls
Batting: RHB Ashton Bailey 0-0: Ball
1-0: Called Strike
1-1: Swinging Strike
1-2: Fly out, F9 (Flyball, 89S, EV 87.5 MPH)
Batting: RHB Henry Kent 0-0: Ball
1-0: Ball
2-0: Called Strike
2-1: Called Strike
2-2: Ball
3-2: Base on Balls
Jake Pinto to second
Batting: RHB Hiroshige Ohashi 0-0: Ball
1-0: Swinging Strike
1-1: Foul Ball, location: 2F
1-2: Ball
2-2: Foul Ball, location: 2F
2-2: Ball
3-2: Hit by Pitch
Jake Pinto to third
Henry Kent to second
Batting: RHB Charles Atkinson 0-0: Ball
1-0: Foul Ball, location: 2F
1-1: Ball
2-1: Ball
3-1: Fielders Choice at 2nd, 5-4 (Groundball, 56, EV 94.4 MPH)
Bottom of the 4th over - 0 runs, 0 hits, 0 errors, 3 left on base; Hialeah 4 - Pawnee 1
TOP OF THE 5TH
Hialeah Dodos batting - Pitching for Pawnee ParksNRec : RHP Manuel Ruíz
Batting: LHB Keith Pick 0-0: Called Strike
0-1: Fly out, F7 (Line Drive, 7D, EV 90.6 MPH)
Batting: LHB Gabriel Montoya 0-0: Ball
1-0: SINGLE (Groundball, 34D, EV 96.9 MPH)
Batting: LHB Ramón Morterero 0-0: Called Strike
0-1: Ball
1-1: Called Strike
1-2: Ball
2-2: Foul Ball, location: 2F
2-2: Fly out, F9 (Flyball, 9D, EV 98.8 MPH)
Batting: RHB Chrysler Rodriguez 0-0: Ball
1-0: Called Strike
1-1: SINGLE (Line Drive, 56, EV 98.8 MPH)
Gabriel Montoya to second
Batting: RHB Eugene Bowman 0-0: Ball
1-0: Foul Ball, location: 2F
1-1: Foul Ball, location: 2F
1-2: Foul Ball, location: 2F
1-2: Ball
2-2: Foul Ball, location: 2F
2-2: Ball
3-2: Base on Balls
Gabriel Montoya to third
Chrysler Rodriguez to second
Batting: SHB Xavier Mercier 0-0: DOUBLE (Line Drive, 7LM, EV 91.9 MPH)
Gabriel Montoya scores
Chrysler Rodriguez scores
Eugene Bowman to third
Runner from 3rd tries for Home, SAFE, throw by LF to trailing runner, OUT at third! 7-6-5
Top of the 5th over - 3 runs, 3 hits, 0 errors, 0 left on base; Hialeah 7 - Pawnee 1
BOTTOM OF THE 5TH
Pawnee ParksNRec batting - Pitching for Hialeah Dodos : RHP Ed Alexander
Pitching: RHP Jeffery Johnston
Batting: LHB Won-shik Yi 0-0: Foul Ball, location: 2F
0-1: Foul Ball, location: 2F
0-2: Fly out, F5 (Popup, 5L, EV 72.5 MPH)
Batting: RHB Manuel Acosta 0-0: Ball
1-0: Foul Ball, location: 2F
1-1: SINGLE (Groundball, 56D, EV 98.8 MPH)
Batting: RHB Josh Mawdesley 0-0: Ball
1-0: Fly out, F8 (Flyball, 78XD, EV 75.6 MPH)
Batting: RHB Bartolo Álvarez 0-0: Ball
1-0: Called Strike
1-1: Called Strike
1-2: Foul Ball, location: 2F
1-2: Foul Ball, location: 2F
1-2: Ball
2-2: Ball
3-2: SINGLE (Groundball, 6MD, EV 107.5 MPH)
Manuel Acosta to second
Manuel Acosta to third
Batting: SHB Jake Pinto 0-0: Ball
1-0: Called Strike
1-1: Foul Ball, location: 2F
1-2: Foul Ball, location: 2F
1-2: Fly out, F8 (Line Drive, 8LM, EV 88.1 MPH)
Bottom of the 5th over - 0 runs, 2 hits, 0 errors, 2 left on base; Hialeah 7 - Pawnee 1
TOP OF THE 6TH
Hialeah Dodos batting - Pitching for Pawnee ParksNRec : RHP Manuel Ruíz
Pitching: LHP António García
Batting: RHB Sergio San Martín 0-0: Called Strike
0-1: Foul Ball, location: 2F
0-2: Strikes out swinging
Batting: LHB Richard Edwards 0-0: Swinging Strike
0-1: Ground out 4-3 (Groundball, 4MD, EV 106.9 MPH)
Batting: RHB Juan Reyes 0-0: Ball
1-0: Reached on error, E5 (Groundball, 56S, EV 70.0 MPH)
Batting: LHB Keith Pick 0-0: Called Strike
0-1: Foul Ball, location: 2F
0-2: Ball
1-2: Fly out, F9 (Flyball, 9LM, EV 77.5 MPH)
Top of the 6th over - 0 runs, 0 hits, 1 error, 1 left on base; Hialeah 7 - Pawnee 1
BOTTOM OF THE 6TH
Pawnee ParksNRec batting - Pitching for Hialeah Dodos : RHP Jeffery Johnston
Batting: RHB Ashton Bailey 0-0: Called Strike
0-1: Foul Ball, location: 2F
0-2: Ball
1-2: Ball
2-2: Ball
3-2: Foul Ball, location: 2F
3-2: Strikes out swinging
Batting: RHB Henry Kent 0-0: Foul Ball, location: 2F
0-1: Called Strike
0-2: Fly out, F7 (Flyball, 7LM, EV 98.1 MPH)
Batting: RHB Hiroshige Ohashi 0-0: Called Strike
0-1: DOUBLE (Line Drive, 89XD, EV 105.0 MPH)
Batting: RHB Charles Atkinson 0-0: Called Strike
0-1: SINGLE (Groundball, 6MD, EV 100.6 MPH)
Hiroshige Ohashi to third
Runner from 3rd tries for Home, SAFE, throw by CF to home
Batting: LHB Won-shik Yi 0-0: Ball
1-0: Fly out, F8 (Flyball, 78S, EV 90.0 MPH)
Bottom of the 6th over - 1 run, 2 hits, 0 errors, 1 left on base; Hialeah 7 - Pawnee 2
TOP OF THE 7TH
Hialeah Dodos batting - Pitching for Pawnee ParksNRec : LHP António García
Batting: LHB Gabriel Montoya 0-0: Ball
1-0: Ground out 3-1 (Groundball, 34, EV 86.2 MPH)
Batting: LHB Ramón Morterero 0-0: Called Strike
0-1: Swinging Strike
0-2: Strikes out swinging
Batting: RHB Chrysler Rodriguez 0-0: Called Strike
0-1: Foul Ball, location: 2F
0-2: Ball
1-2: Ball
2-2: Foul Ball, location: 2F
2-2: Foul Ball, location: 2F
2-2: Fly out, F7 (Line Drive, 7, EV 95.0 MPH)
Top of the 7th over - 0 runs, 0 hits, 0 errors, 0 left on base; Hialeah 7 - Pawnee 2
BOTTOM OF THE 7TH
Pawnee ParksNRec batting - Pitching for Hialeah Dodos : RHP Jeffery Johnston
Batting: RHB Manuel Acosta 0-0: Ball
1-0: Ball
2-0: Called Strike
2-1: Fly out, F8 (Line Drive, 8RD, EV 97.5 MPH)
Batting: RHB Josh Mawdesley 0-0: Foul Ball, location: 2F
0-1: Ball
1-1: Ball
2-1: Foul Ball, location: 2F
2-2: Fly out, F3 (Popup, 3F, EV 66.9 MPH)
Batting: RHB Bartolo Álvarez 0-0: Fly out, F8 (Line Drive, 8RM, EV 93.8 MPH)
Bottom of the 7th over - 0 runs, 0 hits, 0 errors, 0 left on base; Hialeah 7 - Pawnee 2
TOP OF THE 8TH
Hialeah Dodos batting - Pitching for Pawnee ParksNRec : LHP António García
Batting: RHB Eugene Bowman 0-0: Ball
1-0: Ball
2-0: Ball
3-0: Base on Balls
Batting: SHB Xavier Mercier 0-0: Fly out, F7 (Flyball, 7D, EV 100.6 MPH)
Batting: RHB Sergio San Martín 0-0: Ball
1-0: Ball
2-0: Swinging Strike
2-1: SINGLE (Groundball, 5, EV 108.8 MPH) (infield hit)
Eugene Bowman to second
Batting: LHB Richard Edwards 0-0: Called Strike
0-1: Called Strike
0-2: Ball
1-2: Ball
2-2: Ball
3-2: Fly out, F5 (Popup, 25F, EV 90.0 MPH)
Batting: RHB Juan Reyes 0-0: Ball
1-0: Fly out, F9 (Flyball, 9D, EV 96.2 MPH)
Top of the 8th over - 0 runs, 1 hit, 0 errors, 2 left on base; Hialeah 7 - Pawnee 2
BOTTOM OF THE 8TH
Pawnee ParksNRec batting - Pitching for Hialeah Dodos : RHP Jeffery Johnston
Batting: SHB Jake Pinto 0-0: Swinging Strike
0-1: Called Strike
0-2: Foul Ball, location: 2F
0-2: Ball
1-2: Ground out 4-3 (Groundball, 34, EV 82.5 MPH)
Batting: RHB Ashton Bailey 0-0: Called Strike
0-1: Ball
1-1: Ball
2-1: Foul Ball, location: 2F
2-2: Ground out 5-3 (Groundball, 56S, EV 78.1 MPH)
Batting: RHB Henry Kent 0-0: Ball
1-0: Foul Ball, location: 2F
1-1: Foul Ball, location: 2F
1-2: Strikes out swinging
Bottom of the 8th over - 0 runs, 0 hits, 0 errors, 0 left on base; Hialeah 7 - Pawnee 2
TOP OF THE 9TH
Hialeah Dodos batting - Pitching for Pawnee ParksNRec : LHP António García
Batting: LHB Keith Pick 0-0: Foul Ball, location: 2F
0-1: Ball
1-1: Ball
2-1: Foul Ball, location: 2F
2-2: Foul Ball, location: 2F
2-2: Ball
3-2: Base on Balls
Pitching: RHP Álex Ortíz
Batting: LHB Gabriel Montoya 0-0: Ball
1-0: Swinging Strike
1-1: Ball
2-1: Foul Ball, location: 2F
2-2: Ball
3-2: Foul Ball, location: 2F
3-2: Foul Ball, location: 2F
3-2: Fly out, F6 (Popup, 6M, EV 80.0 MPH)
Batting: LHB Ramón Morterero 0-0: Ball
1-0: Foul Ball, location: 2F
1-1: Foul Ball, location: 2F
1-2: Strikes out swinging
Batting: RHB Chrysler Rodriguez 0-0: Called Strike
0-1: Foul Ball, location: 2F
0-2: Foul Ball, location: 2F
0-2: Foul Ball, location: 2F
0-2: Strikes out swinging
Top of the 9th over - 0 runs, 0 hits, 0 errors, 1 left on base; Hialeah 7 - Pawnee 2
BOTTOM OF THE 9TH
Pawnee ParksNRec batting - Pitching for Hialeah Dodos : RHP Jeffery Johnston
Batting: RHB Hiroshige Ohashi 0-0: Ball
1-0: Ball
2-0: Ball
3-0: Called Strike
3-1: Base on Balls
Pitching: RHP Wendell Drabek
Batting: RHB Charles Atkinson 0-0: Ball
1-0: Foul Ball, location: 2F
1-1: Foul Ball, location: 2F
1-2: Ball
2-2: Strikes out swinging
Batting: LHB Won-shik Yi 0-0: Ball
1-0: Foul Ball, location: 2F
1-1: Ball
2-1: Foul Ball, location: 2F
2-2: Strikes out swinging
Batting: RHB Manuel Acosta 0-0: Foul Ball, location: 2F
0-1: Foul Ball, location: 2F
0-2: Ball
Wild Pitch!
Hiroshige Ohashi to second
1-2: Ball
2-2: Foul Ball, location: 2F
2-2: Ground out 6-3 (Groundball, 6, EV 97.5 MPH)
Bottom of the 9th over - 0 runs, 0 hits, 0 errors, 1 left on base; Hialeah 7 - Pawnee 2
Friday, March 26th, 2021 - OOTP Baseball 20.8 Build 74